AoeStats
← 沒起房子我日

Arena

509033677Analyzed
4v4 RM · 7d ago on Sep 25, 2026· 33m 1s· 8 players
Game mode
Random Map
Map size
Large (8 player)
Population
200
Speed
Normal
Resources
Standard
Victory
Conquest
Starting age
Dark Age
Ending age
Imperial Age
RankedLock teamsTeams togetherTeam positionsShared explorationLock speedFull tech treeHidden civsTurbo modeCheats
Victory
Defeat
🇨🇳 Lithuanians · China
1571
+11
🇹🇼 Malay · Taiwan
1546
+12
🇹🇷 Berbers · Türkiye
1541
+12
🇻🇳 Goths · Vietnam
1508
+14
🇨🇳 Slavs · China
1508
-13
🇨🇦 Inca · Canada
1505
-14
🇹🇼 Chinese · Taiwan
1491
-14
🇨🇦 Dravidians · Canada
1336
-8
luanb10
10:32 Feudal Age
14:25 Castle Age
12:23 Double-Bit Axe
13:39 Loom
21:17 Scale Mail Armor
25:15 Chain Mail Armor
31:56 Wheelbarrow
31:34 Bow Saw
32:01 Forging
Apep
11:04 Feudal Age
15:03 Castle Age
13:08 Horse Collar
13:38 Double-Bit Axe
14:43 Loom
19:25 Bow Saw
25:42 Wheelbarrow
27:51 Gold Mining
31:40 Imperial Age
29:44 Padded Archer Armor
30:53 Fletching
31:22 Leather Archer Armor
30:42 Elite Skirmisher
31:27 Fletching
31:48 Siphons
33:40 Chemistry
32:38 Bodkin Arrow
33:36 Ring Archer Armor
33:29 Hand Cart
yesila
10:51 Feudal Age
11:34 Double-Bit Axe
14:32 Castle Age
13:03 Horse Collar
15:53 Bow Saw
18:53 Wheelbarrow
21:55 Hand Cart
23:13 Stone Mining
24:01 Gold Mining
25:57 Stone Shaft Mining
29:00 Imperial Age
26:49 Bloodlines
26:39 Husbandry
26:47 Scale Barding Armor
26:53 Forging
26:30 Loom
27:31 Heavy Plow
27:57 Chain Barding Armor
29:33 Iron Casting
30:13 Conscription
29:14 Elite Leitis
30:45 Plate Barding Armor
34:17 Two-Man Saw
沒起房子我日
8:36 Feudal Age
8:11 Double-Bit Axe
8:07 Horse Collar
16:25 Castle Age
16:36 Bow Saw
17:04 Wheelbarrow
18:59 Heavy Plow
21:30 Hand Cart
21:18 Gold Mining
24:03 Loom
28:22 Imperial Age
26:15 Gold Mining
26:16 Stone Mining
26:53 Forging
27:30 Scale Barding Armor
27:47 Husbandry
27:43 Elite Battle Elephant
30:04 Iron Casting
30:29 Conscription
31:39 Guilds
32:26 Devotion
Minomone
8:16 Feudal Age
7:34 Loom
8:48 Double-Bit Axe
9:32 Fletching
10:25 Horse Collar
15:02 Stone Mining
17:05 Wheelbarrow
16:37 Town Watch
19:26 Forging
19:45 Gold Mining
22:22 Castle Age
23:11 Bodkin Arrow
23:21 Heavy Plow
23:31 Bow Saw
23:59 Guard Tower
25:44 Gold Shaft Mining
27:59 Stone Shaft Mining
27:58 Fortified Wall
34:09 Imperial Age
31:55 Hand Cart
31:55 Scale Mail Armor
32:32 Iron Casting
32:48 Padded Archer Armor
33:12 Ballistics
zhazhahui
10:36 Feudal Age
14:16 Castle Age
12:08 Double-Bit Axe
12:07 Horse Collar
15:22 Bow Saw
23:32 Gold Mining
25:51 Wheelbarrow
25:20 Heavy Plow
25:40 Loom
28:34 Imperial Age
26:35 Scale Mail Armor
26:45 Forging
26:38 Stone Mining
27:43 Chain Mail Armor
28:27 Pikeman
29:07 Squires
28:53 Arson
30:09 Plate Mail Armor
30:15 Iron Casting
29:24 Halberdier
32:37 Coinage
33:15 Chemistry
32:35 Ballistics
Haosbot
0:42 Loom
10:25 Feudal Age
14:03 Castle Age
12:54 Double-Bit Axe
12:50 Horse Collar
15:08 Bow Saw
17:07 Wheelbarrow
22:37 Hand Cart
22:24 Gold Mining
22:26 Stone Mining
27:38 Imperial Age
26:31 Gold Shaft Mining
28:57 Fortified Wall
29:19 Squires
28:39 Man-at-Arms
29:26 Scale Mail Armor
29:36 Forging
29:26 Scale Mail Armor
29:36 Forging
29:08 Pikeman
29:45 Long Swordsman
30:11 Halberdier
31:12 Chain Mail Armor
31:32 Iron Casting
31:12 Chain Mail Armor
31:33 Iron Casting
30:33 Two-Handed Swordsman
不西西
10:49 Feudal Age
11:34 Double-Bit Axe
14:24 Castle Age
12:16 Horse Collar
15:29 Bow Saw
17:55 Loom
20:37 Wheelbarrow
30:19 Gold Mining
Connection lost

Rejoining the realm…

Still unreachable

The connection could not be restored.

Session expired

The server has moved on; the page needs a fresh start.